Map: Аура смерти РВ

Players

Kantara - Winner!

  • Race: Protoss Protoss
  • League: Diamond
  • Spawn Location: 11:00

Ryba

  • Race: Terran Terran
  • League: Diamond
  • Spawn Location: 5:00

VOD

Have the link to the VOD?

Description

Time

  • Played on: Jan. 8, 2021, 9:29 p.m.
  • Length: 14:15
Show
View Real Time Build Order
Export as new Build Order

Kantara Protoss - Winner!

Build Orders: 1 Gate Expand, Colossus Rush 

Get SALT Encoding   

  12  0:00  Probe  
  13  0:12  Probe  
  14  0:20  Pylon  
  14  0:25  Probe (Chrono Boost)  
  15  0:39  Probe (Chrono Boost)  
  15  0:40  Gateway  
  16  0:45  Probe (Chrono Boost)  
  16  0:48  Assimilator  
  17  0:53  Probe  
  18  1:05  Probe  
  19  1:17  Probe  
  20  1:27  Nexus  
  20  1:36  Cybernetics Core  
  20  1:39  Probe  
  21  1:44  Assimilator  
  21  1:54  Probe  
  22  1:56  Pylon  
  22  2:06  Probe  
  23  2:14  Stalker (Chrono Boost)  
  25  2:16  Warp Gate  
  25  2:18  Probe  
  26  2:30  Probe (Chrono Boost)  
  27  2:38  Stalker  
  27  2:39  Probe (Chrono Boost)  
  30  2:45  Probe (Chrono Boost)  
  31  2:52  Robotics Facility  
  31  2:53  Probe (Chrono Boost)  
  33  2:59  Assimilator  
  33  3:02  Probe (Chrono Boost)  
  33  3:03  Probe (Chrono Boost)  
  34  3:07  Probe (Chrono Boost)  
  34  3:08  Probe, Stalker  
  38  3:23  Probe x2  
  38  3:45  Gateway x2  
  38  3:49  Pylon  
  38  3:51  Observer  
  38  3:54  Probe x2  
  41  3:58  Pylon  
  41  4:04  Stalker  
  41  4:06  Probe  
  44  4:12  Warp Prism  
  46  4:23  Probe x2  
  48  4:28  Stalker  
  50  4:36  Pylon  
  50  4:38  Pylon  
  50  4:48  Observer, Nexus  
  51  4:56  Pylon  
  51  4:58  Pylon  
  51  5:03  Robotics Bay  
  49  5:37  Twilight Council  
  49  5:39  Pylon  
  49  5:40  Pylon  
  49  5:47  Stalker x3  
  55  5:54  Probe (Chrono Boost)  
  55  5:56  Extended Thermal Lance, Probe (Chrono Boost)  
  57  5:57  Colossus  
  64  6:06  Probe (Chrono Boost)  
  64  6:07  Probe (Chrono Boost)  
  66  6:12  Probe (Chrono Boost)  
  66  6:13  Stalker x2  
  66  6:15  Probe (Chrono Boost)  
  71  6:18  Probe  
  71  6:24  Probe  
  73  6:26  Probe  
  73  6:30  Probe  
  67  6:54  Charge (Chrono Boost)  
  67  6:55  Colossus  
  67  6:59  Probe x2  
  67  7:00  Probe  
  76  7:07  Assimilator  
  76  7:11  Probe x2, Pylon  
  76  7:12  Probe  
  76  7:13  Pylon  
  76  7:15  Pylon  
  79  7:18  Gateway  
  79  7:20  Gateway  
  79  7:21  Stalker x3  
  85  7:23  Probe x2  
  85  7:24  Forge x2  
  87  7:32  Shield Battery  
  87  7:34  Probe  
  87  7:35  Probe  
  89  7:44  Stalker x3  
  95  8:05  Protoss Ground Weapons Level 1 (Chrono Boost), Protoss Shields Level 1 (Chrono Boost)  
  95  8:19  Assimilator  
  95  8:20  Pylon  
  95  8:21  Assimilator  
  95  8:24  Zealot x5  
  105  8:36  Gateway  
  105  8:37  Gateway  
  105  8:39  Gateway  
  105  8:42  Templar Archives  
  105  8:43  Robotics Facility  
  105  8:46  Stalker x2  
  109  8:57  Shield Battery  
  109  8:58  Photon Cannon x2  
  109  8:59  Photon Cannon, Shield Battery  
  109  9:13  Zealot x5  
  115  9:33  Colossus x2  
  115  9:35  Probe x3  
  130  9:39  Zealot x8  
  124  10:12  Zealot x8  
  118  10:39  High Templar x3  
  118  10:40  High Templar x5  
  130  10:46  Archon x4  
  116  11:04  Colossus (Chrono Boost)  
  116  11:05  Colossus (Chrono Boost)  
  126  11:28  Nexus  
  126  11:29  Gateway  
  126  11:30  Protoss Shields Level 2 (Chrono Boost), Gateway  
  126  11:31  Protoss Ground Weapons Level 2 (Chrono Boost), Probe x2, Gateway  
  126  11:32  Probe, Gateway, Pylon  
  129  11:33  Gateway  
  129  11:35  Pylon  
  129  11:50  Zealot x5  
  129  11:51  Zealot x3  
  145  12:00  Probe  
  145  12:01  Probe x2  
  148  12:06  Pylon  
  148  12:07  Pylon  
  148  12:09  Pylon  
  148  12:10  Pylon  
  148  12:11  Zealot x6  
  148  12:12  Zealot x2  
  148  12:13  Probe x2  
  166  12:23  Photon Cannon  
  166  12:25  Photon Cannon, Shield Battery  
  166  12:26  Photon Cannon  
  166  12:27  Shield Battery  
  166  12:34  High Templar x5  
  166  12:35  High Templar  
  178  12:38  Archon x2  
  178  12:39  Archon  
  149  13:17  Zealot x10  
  169  13:43  Zealot x3  
  173  13:51  Nexus  
  163  14:02  Nexus  
Show
View Real Time Build Order
Export as new Build Order

Ryba Terran 

Build Orders: Reaper Expand 

Get SALT Encoding   

  12  0:00  SCV  
  13  0:12  SCV  
  14  0:17  Supply Depot  
  14  0:24  SCV  
  15  0:38  SCV  
  15  0:40  Barracks  
  16  0:43  Refinery  
  16  0:51  SCV  
  17  1:06  SCV  
  18  1:18  SCV  
  19  1:28  Reaper  
  19  1:30  Orbital Command  
  20  1:42  Command Center  
  20  1:58  Supply Depot  
  20  2:02  Marine  
  20  2:06  SCV  
  22  2:16  Factory  
  22  2:25  SCV  
  22  2:27  Barracks Reactor  
  23  2:33  Refinery  
  23  2:37  SCV  
  24  2:52  SCV  
  25  3:00  Widow Mine  
  25  3:04  Starport  
  27  3:05  Marine x2  
  27  3:06  SCV  
  27  3:07  Orbital Command  
  30  3:18  SCV  
  31  3:30  Marine x2, SCV  
  31  3:31  Widow Mine  
  36  3:36  SCV  
  37  3:42  Medivac, Supply Depot, SCV  
  41  3:55  SCV x2  
  41  4:01  Marine  
  41  4:02  Marine, Factory Tech Lab  
  44  4:05  Supply Depot  
  44  4:06  Engineering Bay  
  44  4:09  Engineering Bay  
  44  4:11  Refinery  
  44  4:12  Refinery  
  44  4:13  SCV x2  
  46  4:17  Starport Reactor  
  46  4:26  Armory, SCV x2  
  48  4:32  Marine x2  
  48  4:36  Siege Tank  
  53  4:47  Terran Infantry Weapons Level 1  
  53  4:51  Terran Infantry Armor Level 1  
  53  4:52  Marine x2  
  55  4:53  SCV x2  
  55  4:56  Supply Depot  
  55  4:57  Supply Depot  
  57  5:00  Medivac  
  57  5:05  SCV  
  60  5:18  Marine x2  
  60  5:19  Siege Tank  
  63  5:21  SCV  
  63  5:22  SCV  
  63  5:35  Terran Vehicle Weapons Level 1, SCV  
  63  5:36  SCV  
  63  5:37  Marine, Command Center  
  66  5:54  Marine, Siege Tank  
  66  5:55  SCV  
  66  5:56  SCV  
  72  6:03  Barracks x2  
  72  6:05  Marine  
  67  6:26  Marine x2  
  67  6:27  SCV x2  
  71  6:33  Barracks  
  71  6:35  Factory  
  71  6:37  Medivac x2, Siege Tank  
  78  6:41  Supply Depot  
  78  6:42  Supply Depot  
  78  6:49  SCV  
  78  7:05  Marine  
  78  7:07  Barracks Tech Lab x2  
  78  7:08  Marine  
  79  7:10  SCV x2  
  79  7:13  Terran Infantry Weapons Level 2  
  79  7:14  Terran Infantry Armor Level 2  
  82  7:19  Orbital Command  
  82  7:21  Factory Tech Lab  
  82  7:22  SCV x2  
  84  7:23  Barracks Reactor  
  84  7:24  Marine  
  84  7:25  Siege Tank  
  84  7:26  Medivac, Marine  
  91  7:34  SCV x2  
  93  7:38  Marauder x2  
  93  7:42  Supply Depot  
  93  7:43  Supply Depot  
  95  7:59  Orbital Command  
  95  8:00  Marine x4, Marauder  
  95  8:01  Siege Tank, Marauder  
  95  8:03  Viking  
  107  8:11  Siege Tank  
  107  8:12  SCV x2  
  108  8:17  Terran Vehicle Weapons Level 2  
  108  8:26  SCV x2  
  110  8:33  Marine x2, Marauder  
  110  8:34  Marauder  
  116  8:43  Barracks  
  116  8:44  Supply Depot, SCV x3  
  116  8:45  Barracks  
  119  8:55  Marauder  
  113  9:13  Stimpack  
  109  9:22  SCV x3  
  112  9:25  Refinery  
  112  9:30  Marine x4  
  120  9:31  Marauder x2  
  120  9:34  Command Center, SCV  
  120  9:36  Supply Depot x3, Siege Tank x2  
  120  9:37  Supply Depot  
  82  9:38  Medivac, Supply Depot  
  127  9:39  Terran Infantry Weapons Level 3  
  127  9:44  Refinery  
  129  9:48  Marine  
  104  10:08  Barracks Tech Lab  
  104  10:10  Barracks Reactor  
  84  10:24  Marine x5  
  84  10:25  Siege Tank, Marauder  
  84  10:26  Siege Tank  
  93  10:35  Marine  
  88  10:42  Marine x4  
  85  10:43  Marauder  
  85  10:46  Marine x2, Marauder  
  89  10:51  SCV x2  
  89  10:53  Marine  
  87  10:58  Orbital Command  
  87  11:00  Marine x4  
  87  11:03  SCV  
  87  11:04  Marine x2, Marauder  
  75  11:08  Marauder  
  75  11:10  Marine, Siege Tank x2  
  82  11:14  SCV  
  82  11:15  SCV  
  82  11:17  Marine  
  82  11:18  Marine x3  
  88  11:23  Viking x2  
  94  11:25  Marauder  
  94  11:27  Ghost Academy, SCV x3  
  94  11:29  Marauder  
  99  11:37  Marine  
  99  11:38  Marine x4  
  104  11:41  SCV x2  
  106  11:57  Marine x7, Marauder  
  106  11:58  Marauder  
  117  12:03  Enhanced Shockwaves  
  117  12:05  Combat Shield  
  117  12:08  Concussive Shells  
  117  12:14  Marine  
  117  12:15  Marine  
  121  12:16  Marauder, SCV x3  
  121  12:19  Marauder  
  126  12:32  Refinery  
  126  12:33  Command Center  
  126  12:36  Refinery  
  126  12:37  Marine x3  
  126  12:38  Marauder x2  
  126  12:39  Ghost  
  128  12:58  Ghost  
  128  13:03  Marine x4  
  128  13:04  Siege Tank  
  124  13:09  Marauder  
  120  13:19  Viking x2  
  123  13:21  Marine  
  112  13:28  Marauder  
  47  13:51  Marine  
  47  13:52  Marauder  
Tags
 
Add a new tag
Caveats
  • Supply blocks, unpowered buildings, or Contaminate may cause inaccurate times.
  • Supply counts are checked every 10 seconds.